 Dungeon Crawl Stone Soup version 0.29-a0-88-g03a7b78be7 (webtiles) character file.

Game seed: 17419162110906122473

8017 porpoise the Grappler (level 11, -5/97 HPs)
             Began as a Demonspawn Brigand on Feb 6, 2022.
             Was a Priest of Nemelex Xobeh.
             Slain by a manticore (10 damage)
             ... on level 11 of the Dungeon.
             The game lasted 00:42:14 (13875 turns).

porpoise the Grappler (Demonspawn Brigand)         Turns: 13875, Time: 00:42:15

Health: -5/97      AC: 13    Str: 16      XL:     11   Next: 4%
Magic:  13/15      EV: 19    Int: 10 (12) God:    Nemelex Xobeh [***...]
Gold:   556        SH:  0    Dex: 14 (15) Spells: 7/10 levels left

rFire   + + .      SeeInvis .   a - +8 mace of Theory {flame, rF++ Stlth+}
rCold   . . .      Faith    .   (no shield)
rNeg    . . .      Spirit   .   M - +0 steam dragon scales
rPois   .          Reflect  .   (no helmet)
rElec   .          Harm     .   c - +0 cloak
rCorr   .          Rampage  .   (no gloves)
Will    .....                   B - +2 pair of boots {Stlth+}
Stlth   +++++.....              (no amulet)
HPRegen 0.26/turn               (no ring)
MPRegen 0.14/turn               (no ring)

@: mighty, agile, invisible
A: claws 1, slimy green scales 2, powered by pain 1, robust 1, spiny 2
a: Renounce Religion, Draw Escape, Draw Destruction, Draw Summoning, Triple Draw


You were on level 11 of the Dungeon.
You worshipped Nemelex Xobeh.
Nemelex Xobeh was most pleased with you.
You visited 2 branches of the dungeon, and saw 12 of its levels.

You collected 556 gold pieces.

Inventory:

Hand Weapons
 a - the +8 mace of Theory (weapon) {flame, rF++ Stlth+}
   (You found it on level 4 of the Dungeon)

   It burns those it strikes, dealing additional fire damage.
   rF:        It greatly protects you from fire.
   Stlth:     It makes you more stealthy.
 b - a +1 hunting sling
 j - a +3 short sword
 w - a +3 dagger of freezing
 L - a +0 hand crossbow
 O - a +2 dagger of distortion
Missiles
 d - 28 poisoned darts (quivered)
 e - 10 curare-tipped darts
 f - 8 javelins
 g - 340 stones
 h - 116 bolts
 u - 298 arrows
 y - 120 sling bullets
 D - a throwing net
 N - 5 boomerangs
Armour
 c - a +0 cloak (worn)
 t - an orb of energy
 B - a +2 pair of boots of stealth (worn)
 M - +0 steam dragon scales (worn)
Magical Staves
 E - a staff of cold
Wands
 q - a wand of acid (10)
 C - a wand of flame (25)
 P - a wand of digging (6)
Scrolls
 i - a scroll of silence
 s - a scroll of enchant weapon
 A - a scroll of fear
 H - a scroll of enchant armour {unknown}
 J - 2 scrolls of noise
Potions
 k - a potion of haste {unknown}
 l - 3 potions of lignification
 m - 3 potions of mutation
 n - 2 potions of brilliance
 p - 2 potions of cancellation
 r - a potion of might
 z - a potion of curing
 F - a potion of attraction {unknown}
 G - a potion of magic {unknown}
 I - a potion of invisibility
 K - 2 potions of flight {unknown}


   Skills:
 - Level 9.0 Fighting
 - Level 2.0 Short Blades
 - Level 1.7 Throwing
 - Level 5.0 Armour
 - Level 5.0 Dodging
 - Level 5.0 Stealth
 * Level 9.1 Unarmed Combat
 + Level 5.4 Invocations
 - Level 5.0 Evocations


You had 7 spell levels left.
You knew the following spells:

 Your Spells              Type           Power      Damage    Failure   Level
i - Ignite Poison         Fire/Tmut/Pois 0%         N/A       75%         3

Your spell library contained the following spells:

 Spells                   Type           Power      Damage    Failure   Level
 Confusing Touch          Hex            0%         N/A       75%         3
 Inner Flame              Hex/Fire       0%         N/A       75%         3
 Mephitic Cloud           Conj/Pois/Air  0%         N/A       75%         3
 Cause Fear               Hex            0%         N/A       98%         4
 Petrify                  Tmut/Erth      0%         N/A       98%         4
 Freezing Cloud           Conj/Ice/Air   0%         6-21      100%        5
 Metabolic Englaciation   Hex/Ice        0%         N/A       100%        5
 Yara's Violent Unravell  Hex/Tmut       0%         3d3       100%        5
 Statue Form              Tmut/Erth      0%         N/A       100%        6
 Enfeeble                 Hex            0%         N/A       100%        7
 Discord                  Hex            0%         N/A       100%        8


Dungeon Overview and Level Annotations

Branches:
Dungeon (11/15)            Temple (1/1) D:4            Lair (0/6) D:10
    Orc: D:9-12

Altars:
Ashenzari
Cheibriados
Dithmenos
Elyvilon
Fedhas
Gozag
Hepliaklqana
Kikubaaqudgha
Makhleb
Nemelex Xobeh
Okawaru
Qazlal
Ru
Sif Muna
Trog
Uskayaw
Vehumet
Wu Jian
Xom
Yredelemnul
Zin
The Shining One

Shops:
D:9 [

Portals:
Trove: D:10 (give 7 scrolls of blinking)


Innate Abilities, Weirdness & Mutations

You have sharp fingernails.
You are mostly covered in slimy green scales. (AC +3)
You sometimes gain a little power by taking damage.
You are robust. (+10% HP)
You are mostly covered in sharp spines.


Message History

You are too confused!
You feel better.
You feel less invigorated.
As you read the scroll of teleportation, it crumbles to dust.
You feel strangely unstable.
A centaur warrior comes into view. It is wielding a +2 vampiric battleaxe.
Your surroundings suddenly seem different.
A cyclops comes into view.
The centaur warrior moves out of view.
Okay, then.
Unknown command.
Casting: Ignite Poison (dangerous; 75% risk of failure)
Confirm with . or Enter, or press ? or * to list all spells.
Okay, then.
Aiming: Corrosive Bolt
Press: ? - help, Shift-Dir - straight line, f - cyclops
Aim: a cyclops, quivering large rocks (wandering, hasn't noticed you, 98% to hit)
The bolt of acid hits the cyclops!!
The cyclops is heavily wounded.
The cyclops shouts!
You hear a shout!
The cyclops shouts!
You hit the cyclops. You burn the cyclops.
The cyclops is severely wounded.
A cyclops comes into view.
A manticore comes into view.
The cyclops is struck by your spines. The cyclops hits you!!
* * * LOW HITPOINT WARNING * * *
You sock the cyclops! You burn the cyclops.
You kill the cyclops!
You feel your strength returning.
Your Unarmed Combat skill increases to level 9!
You have reached level 11!
Your demonic ancestry asserts itself...
Sharp spines emerge from more of your body.
The manticore is struck by your spines. The manticore bites you!
* * * LOW HITPOINT WARNING * * *
The manticore barely misses you. The manticore completely misses you.
You sock the manticore! You burn the manticore.
The manticore is moderately wounded.
The manticore bites you!
You die...
Your body disappears without a glow.

## ##.... ....##.
######.......
#...@H..# #.. ##
#...(...# #.. ###.
#.......###.. ###...
#.......##...###.D.e.
#.......##.##☼.D.E##.
#.......##..○###.....
#.......###..☼.###...
...###### #...°E.###.
.##. ####.#.DD##


You could see a manticore.

Vanquished Creatures
  Sonja (D:10)
  2 cyclopes (D:11)
  Maggie (D:8)
  An unseen horror (D:10)
  A vampire (D:11)
  A shadow (D:10)
  A wraith (D:11)
  6 yaks (D:10)
  A steam dragon (D:5)
  Menkaure (D:4)
  An acid dragon (D:11)
  A water moccasin (D:7)
  2 sky beasts (D:8)
  An orc warrior (D:6)
  3 necrophages
  3 centaurs
  3 ogres
  A phantom (D:6)
  3 kobold brigands
  2 bullfrogs
  A wyvern skeleton (D:5)
  12 killer bees
  11 wights
  An electric eel (D:10)
  3 howler monkeys
  2 bullfrog zombies
  Crazy Yiuf (D:4)
  2 centaur zombies
  5 orc priests
  2 jellies
  A centaur skeleton (D:7)
  2 hounds (D:5)
  A bullfrog skeleton (D:5)
  Jessica (D:3)
  4 iguanas
  5 orc wizards
  2 howler monkey zombies
  5 gnolls
  5 adders
  A white imp (D:6)
  An adder skeleton (D:5)
  3 worms
  30 orcs
  3 bats
  10 endoplasms
  3 giant cockroaches
  5 hobgoblins
  A jackal (D:1)
  2 quokkas (D:2)
  3 ball pythons
  2 frilled lizards (D:1)
  10 goblins
  2 goblin skeletons (D:6)
  2 hobgoblin zombies (D:6)
  18 kobolds
  A kobold skeleton (D:6)
  An orc skeleton (D:6)
  3 rats
  A spectral orc (D:5)
204 creatures vanquished.

Vanquished Creatures (others)
  A two-headed ogre (D:11)
  A shadow (D:11)
2 creatures vanquished.

Grand Total: 206 creatures vanquished

Notes
Turn   | Place    | Note
-------+----------+-------------------------------------------
     0 | D:1      | porpoise the Demonspawn Brigand began the quest for the
                  | Orb.
     0 | D:1      | Reached XP level 1. HP: 16/16 MP: 1/1
   455 | D:1      | Gained mutation: You are partially covered in sharp spines.
                  | [demonic ancestry]
   455 | D:1      | Reached XP level 2. HP: 9/23 MP: 2/2
  1532 | D:2      | Gained mutation: You are partially covered in slimy green
                  | scales. (AC +2) [demonic ancestry]
  1532 | D:2      | Reached XP level 3. HP: 28/28 MP: 3/3
  1948 | D:2      | Found a faded altar of an unknown god.
  3114 | D:3      | Reached XP level 4. HP: 35/35 MP: 4/4
  3216 | D:3      | Noticed Jessica
  3454 | D:3      | Killed Jessica
  3569 | D:3      | Found a shimmering blue altar of Sif Muna.
  3957 | D:4      | Gained mutation: You sometimes gain a little power by
                  | taking damage. [demonic ancestry]
  3957 | D:4      | Reached XP level 5. HP: 39/42 MP: 5/5
  4036 | D:4      | Found a staircase to the Ecumenical Temple.
  4053 | D:4      | Reached skill level 5 in Stealth
  4123 | Temple   | Entered the Ecumenical Temple
  4325 | Temple   | Became a worshipper of Nemelex Xobeh the Trickster
  4410 | D:4      | Reached skill level 1 in Dodging
  4513 | D:4      | Noticed Menkaure
  4523 | D:4      | Killed Menkaure
  4524 | D:4      | Reached skill level 1 in Evocations
  4524 | D:4      | Gained mutation: You are mostly covered in slimy green
                  | scales. (AC +3) [demonic ancestry]
  4524 | D:4      | Reached XP level 6. HP: 49/49 MP: 6/6
  4854 | D:4      | Noticed an angel
  4924 | D:4      | Found a runed translucent door.
  4925 | D:4      | Noticed Crazy Yiuf
  5301 | D:4      | Killed Crazy Yiuf
  5511 | D:4      | Identified the +8 mace of Theory {flame, rF++ Stlth+}
  5549 | D:5      | Entered Level 5 of the Dungeon
  5691 | D:5      | Reached skill level 5 in Fighting
  5857 | D:5      | Gained mutation: You have sharp fingernails. [demonic
                  | ancestry]
  5857 | D:5      | Reached XP level 7. HP: 49/56 MP: 7/7
  6162 | D:5      | Reached skill level 1 in Unarmed Combat
  6232 | D:5      | Noticed a steam dragon
  6246 | D:5      | Killed a steam dragon
  6685 | D:5      | Found an ancient bone altar of Kikubaaqudgha.
  6927 | D:5      | Gained mutation: You are robust. (+10% HP) [demonic
                  | ancestry]
  6927 | D:5      | Reached XP level 8. HP: 47/71 MP: 8/8
  7398 | D:5      | Found a hazy altar of Hepliaklqana.
  8110 | D:6      | Reached * piety under Nemelex Xobeh
  8220 | D:6      | Learned a level 3 spell: Ignite Poison
  8246 | D:6      | Reached skill level 1 in Invocations
  8423 | D:6      | Reached skill level 5 in Dodging
  8741 | D:6      | Found an ornate altar of the Wu Jian Council.
  8741 | D:6      | Received a gift from Nemelex Xobeh
  8743 | D:6      | Found a broken altar of Ashenzari.
  9028 | D:7      | Reached skill level 1 in Armour
  9028 | D:7      | Reached skill level 5 in Unarmed Combat
  9031 | D:7      | Reached XP level 9. HP: 79/79 MP: 11/11
  9734 | D:8      | Reached ** piety under Nemelex Xobeh
  9925 | D:8      | Found an iron altar of Okawaru.
  9927 | D:8      | Noticed Maggie
  9927 | D:8      | You fall into a shaft and drop 1 floor!
  9997 | D:8      | Killed Maggie
 11209 | D:9      | Received a gift from Nemelex Xobeh
 11315 | D:9      | Reached XP level 10. HP: 86/86 MP: 12/12
 11325 | D:9      | Reached skill level 5 in Armour
 11427 | D:9      | Found Cheibriados's Comfort Zone.
 11428 | D:9      | Found a snail-covered altar of Cheibriados.
 11509 | D:10     | Entered Level 10 of the Dungeon
 11734 | D:10     | Found a staircase to the Lair.
 11943 | D:10     | Received a gift from Nemelex Xobeh
 11953 | D:10     | Found a portal to a secret trove of treasure.
 12021 | D:10     | Noticed Sonja
 12023 | D:10     | Killed Sonja
 12024 | D:10     | Reached *** piety under Nemelex Xobeh
 12221 | D:10     | Reached skill level 5 in Evocations
 12461 | D:10     | Noticed a catoblepas
 12963 | D:11     | Noticed a deep elf pyromancer
 12963 | D:11     | Noticed a cyclops
 13076 | D:11     | Killed a cyclops
 13853 | D:11     | Noticed a two-headed ogre
 13864 | D:11     | Killed a two-headed ogre
 13865 | D:11     | Reached skill level 5 in Invocations
 13868 | D:11     | Noticed a centaur warrior
 13868 | D:11     | Noticed a cyclops
 13872 | D:11     | Noticed a cyclops
 13872 | D:11     | Noticed a manticore
 13873 | D:11     | Killed a cyclops
 13874 | D:11     | Gained mutation: You are mostly covered in sharp spines.
                  | [demonic ancestry]
 13874 | D:11     | Reached XP level 11. HP: 15/97 MP: 13/15
 13875 | D:11     | Slain by a manticore

Illustrated notes

Levels and vault maps discovered:
D:1:      lightli_iron_boxes, layout_rooms, minmay_misc_feat_secret_circle,
          st_stairs_11
D:2:      minmay_chambers_of_ones, layout_basic,
          shapermc_ecumenical_altar_totnotflames
D:3:      layout_basic, tgw_sif, lemuel_round_altar
D:4:      layout_basic, zin_angel, minmay_temple_entry_mist, uniq_menkaure,
          uniq_crazy_yiuf_cottage
D:5:      layout_basic, mainiacjoe_overflow_paths,
          nicolae_hepliaklqana_monster_ancestors, minmay_misc_feat_enclosed,
          roderic_lattice_a
D:6:      layout_loops_ring, gammafunk_temple_overflow_statue,
          nicolae_tso_besieged_by_evil
D:7:      layout_rooms
D:8:      layout_basic, mainiacjoe_overflow_tiny_flanked, uniq_maggie
D:9:      layout_loops_ring, minmay_shop_chei
D:10:     layout_roguey, lair_entry_dummy, nicolae_trove_entry_crystal,
          minmay_misc_feat_pillars, minivault_19, kennysheep_island_fort,
          uniq_sonja
D:11:     minmay_the_grid_four_pointed_star
          [minmay_the_grid_triangle_9x9_dagger,
          minmay_the_grid_triangle_9x9_wacky_v,
          minmay_the_grid_triangle_9x9_empty,
          minmay_the_grid_triangle_9x9_minimal,
          minmay_the_grid_prize_inner_circle], layout_loops_cross,
          minmay_shop_mayhem, hex_medium
Temple:   nicolae_temple_figure_eight

Skill      XL: |  1  2  3  4  5  6  7  8  9 10 |
---------------+-------------------------------+-----
Short Blades   | 2 |  2.0
Stealth        | 4 5 |  5.0
Fighting       | 3 4 5 6 7 9 |  9.0
Dodging        | 2 3 5 |  5.0
Evocations     | 1 2 4 5 |  5.0
Unarmed Combat | 3 5 7 9 |  9.1
Invocations    | 3 5 |  5.4
Armour         | 1 4 5 |  5.0
Throwing       | |  1.7

Action                   |  1- 3 |  4- 6 |  7- 9 | 10-12 || total
-------------------------+-------+-------+-------+-------++-------
Melee: Dagger            |    23 |       |       |       ||    23
       Short sword       |    54 |    34 |       |       ||    88
       Punch             |       |     2 |     6 |     7 ||    15
       Mace              |       |     6 |   214 |   106 ||   326
 Fire: Hunting sling     |       |    18 |   116 |     3 ||   137
Throw: Dart              |       |    14 |    11 |       ||    25
Evoke: Wand              |       |     2 |       |     6 ||     8
  Use: Scroll            |     1 |     2 |     7 |     2 ||    12
       Potion            |       |       |     3 |     5 ||     8
 Stab: Sleeping          |    11 |     3 |     2 |     6 ||    22
Armor: Robe              |     8 |       |       |       ||     8
       Leather armour    |     3 |     6 |     4 |       ||    13
       Steam dragon scal |       |       |    89 |    44 ||   133
       Skin              |       |       |    41 |       ||    41
Dodge: Dodged            |    20 |    14 |   178 |    75 ||   287

Table legend: (Time is in decaauts)
 A = Elapsed time spent in this place.
 B = Non-inter-level travel time spent in this place.
 C = Inter-level travel time spent in this place.
 D = Time resting spent in this place.
 E = Time spent auto-exploring this place.
 F = Levels seen in this place.
 G = Mean time per level.
                   A        B        C        D        E       F      G
               +--------+--------+--------+--------+--------+-----+--------+
         Total |  14004 |  13646 |    358 |   4948 |   6724 |  12 | 1167.0 |
       Dungeon |  13789 |  13443 |    346 |   4948 |   6526 |  11 | 1253.5 |
        Temple |    214 |    202 |     12 |      0 |    198 |   1 |  214.0 |
               +--------+--------+--------+--------+--------+-----+--------+

Top non-repeatable levels by time:
     D:5: 2102 daAuts
     D:3: 1568 daAuts
     D:4: 1521 daAuts
    D:10: 1514 daAuts
     D:6: 1282 daAuts
     D:2: 1252 daAuts
     D:1: 1111 daAuts
     D:8: 986 daAuts
    D:11: 894 daAuts
     D:9: 832 daAuts
     D:7: 722 daAuts
  Temple: 214 daAuts
